 Dungeon Crawl Stone Soup version 0.21.1-1-g345015f (webtiles) character file.

290 inc the Covert (level 6, 26/26 HPs)
             Began as a Felid Enchanter on Feb 25, 2018.
             Quit the game on level 6 of the Dungeon.
             The game lasted 00:08:25 (3695 turns).

inc the Covert (Felid Enchanter)                    Turns: 3695, Time: 00:08:25

Health: 26/26      AC:  2    Str:  4    XL:     6   Next: 9%
Magic:  10/10      EV: 18    Int: 19    God:
Gold:   171        SH:  0    Dex: 16    Spells: 5/9 levels left
                                        Lives:  1   Deaths: 1

rFire    . . .     SeeInvis +     - Unarmed
rCold    . . .     Gourm    .   (shield unavailable)
rNeg     . . .     Faith    .   (armour unavailable)
rPois    .         Spirit   .   (helmet unavailable)
rElec    .         Reflect  .   (cloak unavailable)
rCorr    .         Harm     .   (gloves unavailable)
MR       .....                  (boots unavailable)
Stlth    +++++.....             (no amulet)
HPRegen  0.08/turn              (no ring)
MPRegen  0.12/turn              (no ring)

@: quick
A: very small, no armour, no weapons or thrown items, stealth, claws 1, fangs 3,
see invisible, carnivore, speed 1, shaggy fur 2, slow metabolism 1, sharp paws
a: no special abilities


You were on level 6 of the Dungeon.
You were not hungry.

You visited 1 branch of the dungeon, and saw 6 of its levels.

You collected 171 gold pieces.

Inventory:

Scrolls
 d - 2 scrolls of immolation {unknown}
 e - 2 scrolls of remove curse {unknown}
 f - a scroll of teleportation {unknown}
 h - 2 scrolls of identify {unknown}
 j - 2 scrolls of fog {unknown}
 k - a scroll of random uselessness {unknown}
 m - a scroll of enchant weapon {unknown}
Potions
 c - a potion of haste
 g - 2 potions of lignification {unknown}
 i - a potion of curing {unknown}
 l - a potion of heal wounds {unknown}
Books
 a - a book of Maledictions

   Spells                             Type                      Level
   a - Corona                         Hexes                        1
   b - Ensorcelled Hibernation        Hexes/Ice                    2
   c - Confuse                        Hexes                        3
   d - Tukima's Dance                 Hexes                        3
   e - Dazzling Spray                 Conjuration/Hexes            3
 n - a book of Misfortune

   Spells                             Type                      Level
   a - Confusing Touch                Hexes                        1
   b - Confuse                        Hexes                        3
   c - Gell's Gravitas                Translocation                3
   d - Petrify                        Transmutation/Earth          4
   e - Metabolic Englaciation         Hexes/Ice                    5
   f - Yara's Violent Unravelling     Hexes/Transmutation          5
 o - a book of Cantrips

   Spells                             Type                      Level
   a - Confusing Touch                Hexes                        1
   b - Animate Skeleton               Necromancy                   1
   c - Summon Small Mammal            Summoning                    1
   d - Apportation                    Translocation                1
Comestibles
 b - 10 rations


   Skills:
 + Level 2.2 Fighting
 - Level 2.6 Dodging
 - Level 10.0 Stealth
 - Level 3.1 Unarmed Combat
 - Level 2.0 Spellcasting
 - Level 4.4 Hexes


You had 5 spell levels left.
You knew the following spells:

 Your Spells              Type           Power        Failure   Level  Hunger
a - Corona                Hex            ###....      2%          1    #......
b - Ensorcelled Hibernat  Hex/Ice        ##....       11%         2    ###....
c - Confusing Touch       Hex            ###...       2%          1    #......


Dungeon Overview and Level Annotations

Branches:
Dungeon (6/15)
 Temple: D:4-7

Altars:
Okawaru
Trog
Wu Jian

Annotations:
D:4 Eustachio, Menkaure
D:6 Dowan, Duvessa


Innate Abilities, Weirdness & Mutations

You cannot wear armour.
You are incapable of wielding weapons or throwing items.
Your paws allow you to move quietly. (Stealth)
You have sharp claws.
You have razor-sharp teeth.
You have supernaturally acute eyesight. (SInv)
You are carnivorous and can eat meat at any time.
You cover ground quickly.
You are covered in thick fur. (AC +2)
You have a slow metabolism.
Your sharp claws are effective at attacking unaware monsters.


Message History

Aim: a bullfrog (moderately wounded, chance to defeat MR: 41%)
The bullfrog resists with some effort.
The bullfrog hits you but does no damage.
The bullfrog barely misses you.
Dowan shouts, "What's happening?!"
Casting: Ensorcelled Hibernation
Confirm with . or Enter, or press ? or * to list all spells.
Aiming: Ensorcelled Hibernation
Press: ? - help, Shift-Dir - straight line, f - leopard gecko, p - bullfrog
Aim: a leopard gecko (clinging, chance to defeat MR: 59%)
The leopard gecko looks drowsy...
An ice beast comes into view.
The bullfrog hits you.
* * * LOW HITPOINT WARNING * * *
You see here a scroll labeled PAEZXE PUFOOSOFE.
The bullfrog hits you.
You die...
You are now level 6!
You rejoin the land of the living...
Are you sure you want to abandon this character and quit the game? (Confirm with "yes".)

#.# #.#
#.# #.#
..# #.#
#.# #@#
#......#
###.##.#
# #.#
#.# ..#
..# ..#


There were no monsters in sight!

Vanquished Creatures
  Grinder (D:3)
  A sky beast (D:5)
  A scorpion (D:4)
  A hound (D:5)
  A bullfrog skeleton (D:5)
  2 worker ants
  6 adders
  An ooze (D:1)
  2 worms
  2 dart slugs
  4 leopard geckos
  3 orcs
  A ball python (D:3)
  4 bats
  5 giant cockroaches
  4 goblins
  7 hobgoblins
  A jackal (D:1)
  3 kobolds
  2 quokkas
  4 frilled lizards
  A leopard gecko skeleton (D:5)
  4 rats
61 creatures vanquished.

Notes
Turn   | Place    | Note
-------+----------+-------------------------------------------
     0 | D:1      | inc the Felid Enchanter began the quest for the Orb.
     0 | D:1      | Reached XP level 1. HP: 7/7 MP: 4/4
   230 | D:1      | Reached XP level 2. HP: 11/11 MP: 1/6
   279 | D:1      | Learned a level 2 spell: Ensorcelled Hibernation
   915 | D:2      | Reached XP level 3. HP: 14/14 MP: 7/7
  1168 | D:2      | Found an iron altar of Okawaru.
  1407 | D:2      | Reached skill level 5 in Stealth
  1452 | D:2      | Found an ornate altar of the Wu Jian Council.
  1458 | D:2      | Reached XP level 4. HP: 15/18 MP: 5/8
  1905 | D:3      | Noticed Grinder
  2037 | D:3      | Learned a level 1 spell: Confusing Touch
  2267 | D:3      | Killed Grinder
  2267 | D:3      | Reached skill level 8 in Stealth
  2267 | D:3      | Reached XP level 5. HP: 15/21 MP: 9/9
  2267 | D:3      | Gained mutation: You are covered in thick fur. (AC +2) [Felid growth]
  2267 | D:3      | Reached XP level 6. HP: 17/24 MP: 10/10
  2520 | D:4      | Noticed Eustachio
  2581 | D:4      | Noticed Menkaure
  3125 | D:4      | Reached skill level 9 in Stealth
  3172 | D:5      | Entered Level 5 of the Dungeon
  3443 | D:5      | Reached skill level 10 in Stealth
  3546 | D:5      | Noticed a sky beast
  3551 | D:5      | Killed a sky beast
  3551 | D:5      | Reached XP level 7. HP: 30/30 MP: 11/11
  3557 | D:5      | Found a bloodstained altar of Trog.
  3660 | D:6      | Noticed Duvessa
  3663 | D:6      | Noticed Dowan
  3694 | D:6      | Slain by a bullfrog
  3695 | D:6      | Reached XP level 6. HP: -2/26 MP: 7/10
  3695 | D:6      | Quit the game

Skill      XL: |  1  2  3  4  5  6 |
---------------+-------------------+-----
Unarmed Combat | 2 3 |  3.1
Stealth        | 5 8 10 | 10.0
Fighting       | 2 |  2.2
Dodging        | |  2.6
Spellcasting   | |  2.0
Hexes          | |  4.4

Action                   |  1- 3 |  4- 6 |  7- 9 || total
-------------------------+-------+-------+-------++-------
Melee: Unarmed           |    57 |    86 |     9 ||   152
       Bite              |     2 |     5 |       ||     7
       Punch             |     1 |     1 |       ||     2
 Cast: Corona            |    10 |     1 |       ||    11
       Ensorcelled Hiber |    12 |    13 |     2 ||    27
       Confusing Touch   |       |     7 |     2 ||     9
 Stab: Sleeping          |    20 |    23 |     2 ||    45
       Confused          |       |     4 |     1 ||     5
  Eat: Chunk             |     2 |     4 |       ||     6
       Ration            |       |     1 |       ||     1
Armor: Skin              |       |     6 |     1 ||     7
Dodge: Dodged            |    44 |    50 |     8 ||   102
